 Dungeon Crawl Stone Soup version 0.27-a0-906-g0a00ce863d (webtiles) character file.

Game seed: 15163838755091216424

1905 HELP the Basher (level 9, -6/55 HPs)
             Began as a Gargoyle Berserker on Apr 7, 2021.
             Was an Elder of Trog.
             Mangled by Maggie
             ... wielding a +3 halberd of flaming
              (8 damage)
             ... on level 6 of the Dungeon.
             The game lasted 00:27:58 (7815 turns).

HELP the Basher (Gargoyle Berserker)                Turns: 7815, Time: 00:27:59

Health: -6/55      AC:  8    Str: 25    XL:     9   Next: 16%
Magic:  9/9        EV: 11    Int:  7    God:    Trog [****..]
Gold:   237        SH:  0    Dex:  9    Spells: 8/8 levels left

rFire    . . .     SeeInvis .   a - +2 mace (vorpal)
rCold    . . .     Faith    .   (no shield)
rNeg     + . .     Spirit   .   u - +0 animal skin
rPois    ∞         Reflect  .   (no helmet)
rElec    +         Harm     .   (no cloak)
rCorr    .         Rampage  .   (no gloves)
Will     ++...                  (no boots)
Stlth    +.........             (no amulet)
HPRegen  1.18/turn              (no ring)
MPRegen  0.11/turn              (no ring)

@: on berserk cooldown, mesmerised, regenerating (expiring), slowed, very slow
A: AC +6, negative energy resistance 1, electricity resistance, torment
resistance 1, unbreathing 1, petrification resistance
a: Renounce Religion, Berserk, Trog's Hand, Brothers in Arms


You were on level 6 of the Dungeon.
You worshipped Trog.
Trog was greatly pleased with you.
You visited 2 branches of the dungeon, and saw 7 of its levels.

You collected 237 gold pieces.

Inventory:

Hand Weapons
 a - a +2 vorpal mace (weapon)
 b - the +10 battleaxe "Fyul" {flame, *Slow rElec rC++ rN+++}
   (You found it on level 6 of the Dungeon)

   It has been specially enchanted to burn those struck by it, causing extra
   injury to most foes and up to half again as much damage against particularly
   susceptible opponents.
   Big, fiery blades are also staple armaments of hydra-hunters.
   It greatly protects you from cold.
   It insulates you from electricity.
   It renders you almost immune to negative energy.
   It may slow you when you take damage.
Missiles
 c - 133 stones (quivered)
 g - 32 arrows
 j - 5 boomerangs of dispersal
 l - 34 sling bullets
 m - 24 poisoned darts
 q - 7 atropa-tipped darts
Armour
 u - a +0 animal skin (worn)
Jewellery
 f - an amulet of guardian spirit
Wands
 o - a wand of flame (11)
Scrolls
 d - 2 scrolls of vulnerability {unknown}
 h - 2 scrolls of fog {unknown}
 i - a scroll of acquirement {unknown}
 k - 2 scrolls of immolation {unknown}
 n - 3 scrolls of identify {unknown}
 p - a scroll of magic mapping {unknown}
 r - a scroll of noise {unknown}
Potions
 e - a potion of might {unknown}
 s - a potion of heal wounds
 t - a potion of attraction {unknown}


   Skills:
 - Level 5.7 Fighting
 * Level 11.1 Maces & Flails
 - Level 2.1 Armour
 - Level 1.5 Dodging


You had 8 spell levels left.
You didn't know any spells.
Your spell library was empty.

Dungeon Overview and Level Annotations

Branches:
Dungeon (6/15)             Temple (1/1) D:4

Altars:
Ashenzari
Cheibriados
Dithmenos
Elyvilon
Fedhas
Gozag
Hepliaklqana
Makhleb
Nemelex Xobeh
Qazlal
Ru
Sif Muna
Uskayaw
Wu Jian
Xom
Zin
The Shining One

Annotations:
D:6 Maggie


Innate Abilities, Weirdness & Mutations

Your stone body is resilient. (AC +6)
You are immune to poison.
You resist negative energy. (rN+)
You are resistant to electric shocks. (rElec)
You are resistant to unholy torment.
You can survive without breathing.
You are immune to petrification.


Message History

You barely miss Maggie.
Maggie is severely wounded.
Maggie says, "Leave now, and tell all of Margery's mercy!"
Maggie barely misses you. The orc wizard casts a spell at you.
The magic dart hits you.
Maggie gestures wildly while chanting.
Maggie attempts to bespell you!
You are mesmerised by Maggie!
You barely miss Maggie.
Maggie is severely wounded.
The orc wizard hits you with a +0 dagger.
Maggie hits you with a +3 halberd of flaming.
Maggie burns you.
You hit Maggie.
Maggie is severely wounded.
You feel the effects of Trog's Hand fading.
The orc wizard gestures at you while chanting.
The magic dart hits you.
Maggie says, "How do the people who live here stand the isolation?"
Maggie hits you with a +3 halberd of flaming!
Maggie burns you.
The orc wizard hits you but does no damage.
You hit Maggie but do no damage.
Maggie is severely wounded.
The orc wizard gestures at itself while chanting.
The orc wizard flickers and vanishes!
Deactivating autopickup; reactivate with Ctrl-A.
Maggie hits you but does no damage.
The orc wizard hits you but does no damage.
Maggie hits you with a +3 halberd of flaming.
Maggie burns you.
You hit Maggie but do no damage.
Maggie is severely wounded.
The orc wizard barely misses you.
Maggie practices a pose.
Maggie hits you with a +3 halberd of flaming!
* * * LOW HITPOINT WARNING * * *
Maggie burns you!
You die...

#......##...≈≈.
.###.≈.....≈.≈. .#
#.≈..≈..≈... ..
#.♣≈..≈.♣≈≈.
#.##..≈.≈≈≈.≈..
#.##.≈.≈≈.#≈...
#.##...≈≈...≈≈≈
#.##...≈#≈.♣#≈{#####..#
#....≈....♣...♣o@@o...#
....<.≈..≈≈.#..######...
####.#########.#
#...........#
#############


You could see Maggie (mesmerising), an orc wizard and an orc.

Vanquished Creatures
  A two-headed ogre (D:5)
  An ice beast (D:6)
  A black bear (D:5)
  3 ogres
  Blork the orc (D:4)
  2 scorpions
  A centaur zombie (D:5)
  2 hounds
  2 jellies (D:5)
  2 bullfrog skeletons
  2 orc priests (D:5)
  2 iguanas (D:5)
  5 orc wizards
  Robin (D:2)
  5 adders
  2 white imps (D:5)
  An ufetubus (D:5)
  An adder skeleton (D:4)
  2 worms
  A dart slug (D:1)
  19 orcs
  11 ball pythons
  3 bats
  6 endoplasms
  2 giant cockroaches (D:2)
  16 goblins
  6 hobgoblins
  21 jackals
  6 kobolds
  A quokka (D:1)
  5 frilled lizards
  2 rats (D:1)
136 creatures vanquished.

Notes
Turn   | Place    | Note
-------+----------+-------------------------------------------
     0 | D:1      | HELP the Gargoyle Berserker began the quest for the Orb.
     0 | D:1      | Reached XP level 1. HP: 14/14 MP: 1/1
   367 | D:1      | Reached XP level 2. HP: 17/19 MP: 2/2
   407 | D:1      | Found a faded altar of an unknown god.
   859 | D:1      | Reached XP level 3. HP: 18/24 MP: 3/3
  1252 | D:2      | Reached ** piety under Trog
  1326 | D:2      | Reached skill level 4 in Maces & Flails
  1516 | D:2      | Noticed Robin
  1534 | D:2      | Killed Robin
  1538 | D:2      | Reached XP level 4. HP: 20/29 MP: 4/4
  3087 | D:3      | Reached XP level 5. HP: 26/34 MP: 5/5
  3282 | D:3      | Found a broken altar of Ashenzari.
  3319 | D:3      | Reached skill level 5 in Maces & Flails
  3895 | D:3      | Reached *** piety under Trog
  4195 | D:3      | Reached XP level 6. HP: 36/40 MP: 6/6
  4527 | D:4      | Found a staircase to the Ecumenical Temple.
  4553 | D:4      | Reached skill level 5 in Fighting
  4814 | D:4      | Reached skill level 6 in Maces & Flails
  4840 | Temple   | Entered the Ecumenical Temple
  5253 | D:4      | Reached XP level 7. HP: 36/44 MP: 7/7
  5274 | D:4      | Found an ornate altar of the Wu Jian Council.
  5569 | D:4      | Noticed Blork the orc
  5584 | D:4      | Killed Blork the orc
  5902 | D:5      | Entered Level 5 of the Dungeon
  5942 | D:5      | Reached skill level 7 in Maces & Flails
  6217 | D:5      | Identified the +6 dagger of the Hills {flame, rPois rF+}
  6304 | D:5      | Reached skill level 8 in Maces & Flails
  6447 | D:5      | Reached XP level 8. HP: 31/51 MP: 8/8
  6812 | D:5      | Reached **** piety under Trog
  7209 | D:5      | Noticed a two-headed ogre
  7215 | D:5      | Killed a two-headed ogre
  7216 | D:5      | Reached skill level 10 in Maces & Flails
  7452 | D:5      | Reached XP level 9. HP: 55/55 MP: 9/9
  7604 | D:6      | Identified the +10 battleaxe "Fyul" {flame, *Slow rElec
                  | rC++ rN+++}
  7639 | D:6      | Reached skill level 11 in Maces & Flails
  7788 | D:6      | Noticed Maggie
  7815 | D:6      | HP: 2/55 [Maggie/+3 halberd of flaming (16)]
  7815 | D:6      | Mangled by Maggie

Illustrated notes

Levels and vault maps discovered:
D:1:      lemuel_arrival_river_ford, layout_rooms, basic_ecumenical_altar,
          fountainhead
D:2:      layout_basic, uniq_robin
D:3:      layout_basic, cheibrodos_ashenzari_chains
D:4:      layout_cave_pools, kennysheep_little_box,
          minmay_temple_entry_mini_moons, uniq_blork_the_orc
D:5:      layout_loops_ring, minmay_misc_feat_more_columns
D:6:      layout_loops_ring, serial_rivers, chequers_serial_rivers_small_b,
          chequers_serial_rivers_micro_b, chequers_serial_rivers_small_a,
          chequers_serial_rivers_micro_c, chequers_serial_rivers_marsh,
          chequers_serial_rivers_large_a, chequers_serial_rivers_large_b,
          uniq_maggie, uniq_eustachio, uniq_crazy_yiuf_cottage, uniq_pikel
Temple:   regret_index_temple_generic_petals

Skill      XL: |  1  2  3  4  5  6  7  8  9 |
---------------+----------------------------+-----
Maces & Flails | 4 5 6 8 10 11 | 11.1
Fighting       | 4 5 |  5.7
Armour         | |  2.1
Dodging        | |  1.5

Action                   |  1- 3 |  4- 6 |  7- 9 || total
-------------------------+-------+-------+-------++-------
Melee: Mace              |   109 |   270 |   139 ||   518
Throw: Stone             |     2 |     9 |     7 ||    18
Invok: Berserk           |     1 |     4 |     4 ||     9
       Trog's Hand       |       |       |     1 ||     1
  Use: Potion            |       |       |     1 ||     1
 Stab: Sleeping          |     1 |     1 |       ||     2
Armor: Animal skin       |    28 |    96 |    47 ||   171
Dodge: Dodged            |    70 |   172 |    84 ||   326

Table legend: (Time is in decaauts)
 A = Elapsed time spent in this place.
 B = Non-inter-level travel time spent in this place.
 C = Inter-level travel time spent in this place.
 D = Time resting spent in this place.
 E = Time spent auto-exploring this place.
 F = Levels seen in this place.
 G = Mean time per level.
                   A        B        C        D        E       F      G
               +--------+--------+--------+--------+--------+-----+--------+
         Total |   7957 |   7829 |    128 |   2379 |   3126 |   7 | 1136.7 |
       Dungeon |   7684 |   7583 |    101 |   2379 |   2883 |   6 | 1280.7 |
        Temple |    272 |    245 |     27 |      0 |    243 |   1 |  272.0 |
               +--------+--------+--------+--------+--------+-----+--------+

Top non-repeatable levels by time:
     D:2: 1757 daAuts
     D:5: 1611 daAuts
     D:3: 1527 daAuts
     D:4: 1278 daAuts
     D:1: 1196 daAuts
     D:6: 314 daAuts
  Temple: 272 daAuts
